 Dungeon Crawl Stone Soup version 0.19-a0-805-g0a78ef0 (webtiles) character file.

79523 ArcaneNH the Fighter (level 15, -3/97 HPs)
             Began as a Gargoyle Berserker on June 23, 2016.
             Was a High Priest of Trog.
             Killed by angry trees
             ... awakened by a spriggan druid
              (12 damage)
             ... on level 2 of the Swamp on June 27, 2016.
             The game lasted 02:30:59 (20166 turns).

ArcaneNH the Fighter (Gargoyle Berserker)          Turns: 20166, Time: 02:30:59

Health: -3/97      AC: 36    Str: 23    XL:     15   Next: 63%
Magic:  15/15      EV: 22    Int:  5    God:    Trog [*****.]
Gold:   1026       SH: 10    Dex: 14    Spells: 0 memorised, 14 levels left

rFire  + . .     SeeInvis .     a - +3 demon blade (freeze)
rCold  . . .     Gourm    .     g - +6 scale mail "Wolat" {rF+}
rNeg   + . .     Faith    .     l - +1 buckler
rPois  ∞         Spirit   .     r - +1 hat
rElec  +         Dismiss  .     q - +2 cloak
rCorr  .         Reflect  +     I - +2 pair of gloves
SustAt .         Harm     .     i - +2 pair of boots
MR     ++++.                    s - +4 amulet of reflection
Stlth  ++++......               P - +3 ring of evasion
                                f - ring of protection from magic

@: exhausted, flying, regenerating, slowed, very slow, incredibly resistant to
hostile enchantments, stealthy
A: big wings, horns 1, repulsion field 1, camouflage 1, blurry vision 1, dopey
1, negative energy resistance 1, electricity resistance, unbreathing,
petrification resistance, rot immunity, AC +11
a: Stop Flying, Berserk, Trog's Hand, Brothers in Arms, Burn Spellbooks,
Renounce Religion


You were on level 2 of the Swamp.
You worshipped Trog.
Trog was extremely pleased with you.
You were not hungry.

You visited 4 branches of the dungeon, and saw 20 of its levels.

You collected 2396 gold pieces.
You spent 1370 gold pieces at shops.

Inventory:

Hand Weapons
 a - a +3 demon blade of freezing (weapon)
 b - a +1 scimitar of flaming
 o - a +2 scimitar of protection
Missiles
 H - 9 poisoned javelins (quivered)
 O - 10 tomahawks of returning
Armour
 g - the +6 scale mail "Wolat" (worn) {rF+}
   (You bought it in a shop on level 2 of the Orcish Mines)

   It protects you from fire.
 i - a +2 pair of boots (worn)
 l - a +1 buckler (worn)
 n - a swamp dragon hide
 q - a +2 cloak (worn)
 r - a +1 hat (worn)
 I - a +2 pair of gloves (worn)
Jewellery
 f - a ring of protection from magic (left hand)
 s - a +4 amulet of reflection (around neck)
 P - a +3 ring of evasion (right hand)
 R - an uncursed ring of protection from magic
 X - an uncursed ring of protection from cold
 Y - an uncursed ring of protection from fire
Wands
 m - a wand of digging (14/24)
 t - a wand of slowing (11/48)
 x - a wand of paralysis (17/24)
 z - a wand of iceblast (6/15)
 D - a wand of confusion (15/48)
 E - a wand of paralysis (16/24)
 G - a wand of acid (11/15)
 Q - a wand of iceblast (8/15)
 T - a wand of flame (27/48)
 U - a wand of slowing (37/48)
Scrolls
 e - 3 scrolls of magic mapping
 h - 2 scrolls of holy word
 u - 3 scrolls of teleportation
 w - 3 scrolls of fog
 y - 6 scrolls of remove curse
 K - 3 scrolls of blinking
Potions
 j - 8 potions of curing
 k - 2 potions of might
Comestibles
 c - 3 chunks of flesh
 d - 14 fruits
 p - 2 beef jerkies
 v - 9 meat rations
 A - 8 slices of pizza


   Skills:
 + Level 12.6 Fighting
 + Level 10.4 Long Blades
   Level 10.8 Maces & Flails
 - Level 5.0 Throwing
 + Level 8.6 Armour
 + Level 12.4 Dodging
 + Level 9.5 Stealth
 - Level 6.0 Shields
 + Level 0.8 Evocations


You had 14 spell levels left.
You didn't know any spells.

Dungeon Overview and Level Annotations

Branches:
Dungeon (10/15)            Temple (0/1) D:4            Lair (6/6) D:8
  Swamp (2/4) Lair:2       Spider (0/4) Lair:2        Slime (0/5) Lair:6
    Orc (2/2) D:10            Elf (0/3) Orc:2

Altars:
Dithmenos
Elyvilon
Fedhas
Gozag
Hepliaklqana
Okawaru
Pakellas
Qazlal
Uskayaw
Yredelemnul
The Shining One
Beogh
Jiyva

Shops:
D:5 :   D:9 [   Orc:1 :   Orc:2 *([=


Innate Abilities, Weirdness & Mutations

You are resistant to torment.
Your stone body is resilient. (AC +11)
You are immune to poison.
Your large and strong wings let you fly indefinitely.
You resist negative energy. (rN+)
You are resistant to electric shocks. (rElec)
You can survive without breathing.
You are immune to petrification.
You are immune to rotting.
You have a pair of small horns on your head.
You are surrounded by a mild repulsion field. (EV +2)
Your skin changes colour to match your surroundings (Stealth+).
Scrolls take you a little longer to read.
You are dopey. (Int -2)


Message History

A root smacks you from below.
* * * LOW HITPOINT WARNING * * *
You block the wasp's attack.
You miss the wasp. You headbutt the wasp!
The wasp is almost dead.
You block the wasp's attack.
You slash the wasp! You freeze the wasp.
You kill the wasp!
Trog accepts your kill.
You are hit by a branch!
* * * LOW HITPOINT WARNING * * *
You see here a wasp corpse.
You feel a strong urge to attack something.
You are no longer berserk.
You are exhausted.
You feel yourself slow down. A root smacks you from below.
* * * LOW HITPOINT WARNING * * *
The trees move their gnarly branches around.
A tree reaches out and hits you!
You die...

.≈♣... ♣≈≈.♣
≈≈.≈≈.♣♣♣ ♣≈≈≈♣
≈...≈...♣♣♣≈.<♣♣
♣...≈≈≈≈.♣.≈≈..♣
≈...≈.≈≈..≈≈≈≈.♣
≈..≈≈≈≈.†)..≈..♣
≈≈?≈..≈†♣≈≈.≈.♣♣
§≈.≈...(≈≈≈≈≈.♣
≈...≈≈.@♣≈≈≈≈≈♣
♣.≈≈§≈.≈≈≈≈♣≈≈♣♣
♣§≈.....)≈≈i≈§...
♣§≈....♣..≈.♣≈.♣#
♣....≈.....≈≈≈.#
.....≈.≈≈.≈≈.≈≈#
♣..≈.≈≈≈..≈≈.≈.#
♣..♣.......≈...#
...≈♣≈...≈....#


You could see a spriggan druid.

Vanquished Creatures
  Kirke (Lair:6)
  2 orc warlords
  Azrael (Orc:2)
  The ghost of Snikeer the Unseen, a journeyman SpEn of Dithmenos (Lair:6)
  A ghost crab (Swamp:1)
  A catoblepas (Lair:6)
  The ghost of mete the Fighter, a novice MiBe of Trog (Orc:1)
  9 hydras
  A centaur warrior (D:10)
  6 alligators
  A death yak (Lair:6)
  4 orc high priests
  The ghost of mete the Blocker, a novice HOFi of Makhleb (Orc:1)
  Pikel (D:6)
  A swamp dragon (Swamp:1)
  2 hill giants (D:10)
  A lindwurm (Lair:1)
  The ghost of Shadowablaze the Basher, a novice GrFi (D:8)
  5 orc knights
  A griffon (Lair:4)
  A wolf spider (Lair:6)
  A cyclops (D:9)
  6 orc sorcerers
  11 elephants
  8 black mambas
  A guardian serpent (Lair:6)
  A gargoyle (D:10)
  7 komodo dragons
  14 spiny frogs
  2 rime drakes
  Eustachio (D:6)
  2 trolls (Orc:2)
  2 giant leeches (Swamp:1)
  5 polar bears
  A two-headed ogre (Orc:2)
  29 blink frogs
  2 bog bodies (Swamp:1)
  A boulder beetle (Lair:3)
  3 redbacks (Lair:6)
  6 spriggans
  30 yaks
  A vampire (D:10)
  Sigmund (D:6)
  A human (D:10)
  2 fire elementals (Orc:2)
  7 wyverns
  A hungry ghost (D:7)
  2 basilisks
  2 hippogriffs
  A steam dragon (Lair:3)
  A hog (D:10)
  13 vampire mosquitoes (Swamp:1)
  A mottled dragon (D:9)
  6 wargs
  7 swamp worms
  3 hell hounds
  3 porcupines
  18 water moccasins
  2 black bears
  An ice beast (D:8)
  4 sky beasts
  A slave (D:6)
  9 wasps
  A necrophage (D:9)
  42 orc warriors
  3 swamp drakes
  8 wolves
  6 centaurs
  9 ogres
  7 crocodiles
  A wyvern zombie (D:9)
  11 giant frogs
  2 scorpions
  A water moccasin skeleton (D:9)
  2 jellies (D:6)
  9 wights
  4 howler monkeys
  A crimson imp (D:7)
  A centaur zombie (D:7)
  A quasit (D:8)
  5 hounds
  6 human zombies (D:7)
  24 orc priests
  A human skeleton (D:7)
  10 iguanas
  22 orc wizards
  11 worker ants
  10 sheep
  2 ogre zombies (D:7)
  A hound zombie (D:6)
  A mummy (D:7)
  A worker ant zombie (D:9)
  4 gnolls (D:9)
  14 adders
  27 river rats
  4 shadow imps
  2 oozes
  2 worms
  2 dart slugs
  7 giant geckos
  65 orcs
  3 ball pythons
  6 giant cockroaches
  9 goblins
  7 hobgoblins
  6 jackals
  5 quokkas
  5 bats
  5 giant newts
  10 kobolds
  An orc skeleton (D:7)
  An orc zombie (D:7)
  2 quokka skeletons
  9 rats
  A plant (Lair:6)
663 creatures vanquished.

Vanquished Creatures (collateral kills)
  An orc high priest (Orc:2)
  An orc knight (Orc:2)
  3 polar bears (Lair:5)
  A wyvern (Lair:6)
  A yak (Lair:5)
  A hippogriff (Lair:6)
  A fire elemental (Orc:2)
  A water moccasin (Lair:4)
  4 orc warriors
  2 crocodiles
  2 orc priests
  A sheep (Lair:4)
  11 orcs
30 creatures vanquished.

Vanquished Creatures (others)
  3 humans (Lair:6)
  A swamp worm (Swamp:2)
  An orc warrior (Orc:2)
  2 slaves (D:6)
  An ogre (D:6)
  An electric eel (Lair:6)
  An adder (Lair:6)
  An orc (D:6)
  25 fungi
  35 plants
71 creatures vanquished.

Grand Total: 764 creatures vanquished

Notes
Turn   | Place    | Note
--------------------------------------------------------------
     0 | D:1      | ArcaneNH the Gargoyle Berserker began the quest for the Orb.
     0 | D:1      | Reached XP level 1. HP: 14/14 MP: 1/1
   173 | D:1      | Reached XP level 2. HP: 6/20 MP: 2/2
   680 | D:1      | Reached XP level 3. HP: 19/24 MP: 3/3
   921 | D:2      | Reached ** piety under Trog
  1144 | D:2      | Reached XP level 4. HP: 17/29 MP: 4/4
  2568 | D:3      | Reached XP level 5. HP: 29/34 MP: 5/5
  2711 | D:3      | Reached *** piety under Trog
  2826 | D:3      | Found an oddly glowing altar of Pakellas.
  3225 | D:4      | Received a gift from Trog
  3323 | D:4      | Reached skill level 1 in Throwing
  3323 | D:4      | Reached skill level 1 in Stealth
  3527 | D:4      | Reached XP level 6. HP: 39/39 MP: 6/6
  3787 | D:4      | Found a staircase to the Ecumenical Temple.
  3881 | D:5      | Entered Level 5 of the Dungeon
  3937 | D:5      | Found Wiasybit's Book Shoppe.
  4002 | D:5      | Found a stormy altar of Qazlal.
  4066 | D:5      | Noticed an orc warrior
  4075 | D:5      | Killed an orc warrior
  4146 | D:5      | Reached XP level 7. HP: 44/44 MP: 7/7
  4659 | D:6      | Found a white marble altar of Elyvilon.
  4678 | D:6      | Reached skill level 5 in Fighting
  4704 | D:6      | Noticed Pikel
  4719 | D:6      | Noticed Eustachio
  4722 | D:6      | Killed Pikel
  4722 | D:6      | Reached skill level 5 in Maces & Flails
  4722 | D:6      | Reached skill level 1 in Shields
  4722 | D:6      | Reached XP level 8. HP: 38/50 MP: 8/8
  4750 | D:6      | Killed Eustachio
  4879 | D:6      | Reached skill level 5 in Dodging
  4900 | D:6      | Reached **** piety under Trog
  4988 | D:6      | Reached XP level 9. HP: 39/55 MP: 9/9
  4992 | D:6      | Upgraded the game from 0.19-a0-743-ge0d55e4 to 0.19-a0-749-g66ae36b
  5412 | D:6      | Noticed Sigmund
  5422 | D:6      | Killed Sigmund
  5422 | D:6      | Reached skill level 1 in Long Blades
  5612 | D:6      | Reached skill level 5 in Armour
  5844 | D:7      | Found an iron altar of Okawaru.
  5846 | D:7      | Found a blossoming altar of Fedhas.
  6206 | D:7      | Found a basalt altar of Yredelemnul.
  6421 | D:7      | Found a shadowy altar of Dithmenos.
  6466 | D:7      | Found a hide-covered altar of Uskayaw.
  6495 | D:7      | Found a white marble altar of Elyvilon.
  6808 | D:8      | Found a glowing golden altar of the Shining One.
  6870 | D:8      | Reached XP level 10. HP: 60/60 MP: 10/10
  6926 | D:8      | Noticed Shadowablaze's ghost (novice GrFi)
  6937 | D:8      | Killed Shadowablaze's ghost
  6974 | D:8      | Found a staircase to the Lair.
  7082 | D:8      | Got an ebony flail
  7083 | D:8      | Identified the +3 flail "Joick" {crush, MR+ Str-5 Stlth+} (You found it on level 8 of the Dungeon)
  7446 | D:9      | Found Luzogodi's Antique Armour Boutique.
  7469 | D:9      | Bought a runed helmet for 135 gold pieces
  7500 | D:9      | Found an opulent altar of Gozag.
  7873 | D:9      | Found a hazy altar of Hepliaklqana.
  8148 | D:9      | Noticed a cyclops
  8176 | D:9      | Killed a cyclops
  8451 | D:9      | Reached ***** piety under Trog
  8531 | D:9      | Reached XP level 11. HP: 62/67 MP: 11/11
  8725 | D:10     | Entered Level 10 of the Dungeon
  8735 | D:10     | Noticed a hill giant
  8746 | D:10     | Killed a hill giant
  8883 | D:10     | Received a gift from Trog
  8896 | D:10     | Gained mutation: Your skin changes colour to match your surroundings (Stealth+). [potion of beneficial mutation]
  9150 | D:10     | Noticed a centaur warrior
  9164 | D:10     | Killed a centaur warrior
  9327 | D:10     | Noticed an orc knight
  9329 | D:10     | Found a roughly hewn altar of Beogh.
  9329 | D:10     | Found a staircase to the Orcish Mines.
  9349 | D:10     | Killed an orc knight
  9530 | D:10     | Noticed a hill giant
  9540 | D:10     | Killed a hill giant
  9540 | D:10     | Reached skill level 5 in Shields
  9784 | Lair:1   | Entered Level 1 of the Lair of Beasts
  9976 | Lair:1   | Reached XP level 12. HP: 74/75 MP: 12/12
 10531 | Lair:1   | Reached skill level 5 in Throwing
 10878 | Lair:2   | Reached skill level 5 in Stealth
 10897 | Lair:2   | Reached skill level 10 in Maces & Flails
 11232 | Lair:2   | Found a hole to the Spider Nest.
 11242 | Lair:2   | Found a staircase to the Swamp.
 11588 | Lair:2   | Noticed a four-headed hydra
 11606 | Lair:2   | Killed a one-headed hydra
 12808 | Lair:4   | Received a gift from Trog
 12845 | Lair:4   | Reached XP level 13. HP: 78/82 MP: 13/13
 13006 | Lair:4   | Reached skill level 5 in Long Blades
 13247 | Lair:4   | Reached skill level 10 in Fighting
 13638 | Lair:5   | Got a jewelled rapier
 13639 | Lair:5   | Identified the cursed +1 rapier of Tortfeasance {antimagic, rElec rF+ rC- Str+2 Int+4} (You found it on level 5 of the Lair of Beasts)
 14453 | Lair:5   | Reached skill level 10 in Dodging
 14571 | Lair:6   | Entered Level 6 of the Lair of Beasts
 14693 | Lair:6   | Received a gift from Trog
 14752 | Lair:6   | Noticed Snikeer's ghost (journeyman SpEn)
 14786 | Lair:6   | Gained mutation: You have a pair of small horns on your head. [potion of mutation]
 14786 | Lair:6   | Gained mutation: You are dopey. (Int -2) [potion of mutation]
 14786 | Lair:6   | Gained mutation: You are surrounded by a mild repulsion field. (EV +2) [potion of mutation]
 15137 | Lair:6   | Found a viscous altar of Jiyva.
 15139 | Lair:6   | Found a staircase to the Slime Pits.
 15393 | Lair:6   | Gained mutation: Your large and strong wings let you fly indefinitely. [Gargoyle growth]
 15393 | Lair:6   | Reached XP level 14. HP: 44/88 MP: 14/14
 15446 | Lair:6   | Identified the Incunabulum of Ice and Boosts
 15600 | Lair:6   | Noticed Kirke
 15613 | Lair:6   | Killed Kirke
 15961 | Lair:6   | Killed Snikeer's ghost
 16056 | Lair:6   | Received a gift from Trog
 16726 | Orc:1    | Entered Level 1 of the Orcish Mines
 16860 | Orc:1    | Found Izxaetan's Book Shoppe.
 16872 | Orc:1    | Received a gift from Trog
 16971 | Orc:2    | Entered Level 2 of the Orcish Mines
 16991 | Orc:2    | Found Tamoe's Antique Weapon Boutique.
 16991 | Orc:2    | Noticed an orc warlord
 17077 | Orc:2    | Noticed Azrael
 17395 | Orc:2    | Killed Azrael
 17400 | Orc:2    | Received a gift from Trog
 17439 | Orc:2    | Found Tarphotorph's Jewellery Emporium.
 17482 | Orc:2    | Found Miqoak's Antique Armour Emporium.
 17490 | Orc:2    | Bought an uncursed ring of protection from cold for 375 gold pieces
 17490 | Orc:2    | Bought an uncursed ring of protection from fire for 375 gold pieces
 17578 | Orc:1    | Noticed mete's ghost (novice MiBe)
 17607 | Orc:1    | Killed mete's ghost
 17676 | Orc:1    | Noticed mete's ghost (novice HOFi)
 17687 | Orc:1    | Killed mete's ghost
 17696 | Orc:1    | Noticed an orc warlord
 17732 | Orc:1    | Killed an orc warlord
 17733 | Orc:1    | Upgraded the game from 0.19-a0-749-g66ae36b to 0.19-a0-805-g0a78ef0
 18159 | Orc:1    | Reached XP level 15. HP: 96/96 MP: 15/15
 18212 | Orc:1    | Found a roughly hewn altar of Beogh.
 18218 | Orc:1    | Received a gift from Trog
 18616 | Orc:2    | Found a staircase to the Elven Halls.
 18637 | Orc:2    | Found Yvaud's General Store.
 18660 | Orc:2    | Killed an orc warlord
 18688 | Orc:2    | Bought a scroll of enchant weapon for 112 gold pieces
 18688 | Orc:2    | Bought a scroll of holy word for 112 gold pieces
 18888 | Orc:2    | Bought an aquamarine-studded scale mail for 261 gold pieces
 18906 | Orc:2    | Gained mutation: Scrolls take you a little longer to read. [a neqoxec]
 18924 | Orc:2    | Identified the +6 scale mail "Wolat" {rF+} (You bought it in a shop on level 2 of the Orcish Mines)
 19108 | Swamp:1  | Entered Level 1 of the Swamp
 19507 | Swamp:1  | Reached skill level 10 in Long Blades
 19515 | Swamp:1  | Received a gift from Trog
 20166 | Swamp:2  | Killed from afar by a spriggan druid

Vault maps used:
D:1:      tarquinn_simple_flora_water_e, minivault_23
D:2:      first_bread, st_stairs_14
D:3:      grunt_pakellas_mercury
D:5:      serial_shops, shop, grunt_qazlal_clouds
D:6:      basic_altar, serial_bayou_pond_b, uniq_eustachio, uniq_sigmund,
          uniq_pikel
D:7:      nicolae_overflow_hidden_temple, lemuel_mausoleum_altar_yredelemnul
D:8:      tso_altar, erik_lair_orcish_takeover
D:9:      kennysheep_windowed_halls, kennysheep_little_box,
          nicolae_gozag_cash_rules_everything_around_me, serial_shops, shop
D:10:     david_orc_5, grunt_livestock
Lair:2:   swamp_mist, spider_nest_entry_web_field, lemuel_fruit_fields,
          infiniplex_staircase_pool
Lair:3:   lemuel_fruit_tree
Lair:5:   beast_lair_carwin_1
Lair:6:   hangedman_lair_tendril_chambers, slime_altar_1, serial_bayou_shore_a,
          uniq_kirke
Swamp:1:  evilmike_swamp_ruin_rubble_1
Swamp:2:  serial_swamp_ruin, evilmike_swamp_ruin_wall,
          evilmike_swamp_ruin_house_3
Orc:1:    orc_temple, serial_shops, shop
Orc:2:    grunt_orc_gardens, grunt_orc_garden, grunt_orc_garden,
          grunt_orc_garden, grunt_orc_garden, uniq_azrael

Skill      XL: |  1  2  3  4  5  6  7  8  9 10 11 12 13 14 15 |
---------------+----------------------------------------------+-----
Fighting       | 4 5 6 7 8 9 10 11 12 | 12.6
Dodging        | 2 3 4 5 6 7 8 9 10 11 12 | 12.4
Maces & Flails | 4 5 6 7 9 10 | 10.8
Throwing       | 1 2 3 4 5 |  5.0
Stealth        | 1 2 3 4 7 8 9 |  9.5
Armour         | 3 4 5 6 7 8 |  8.6
Shields        | 1 2 3 5 6 |  6.0
Long Blades    | 4 7 9 10 | 10.4
Evocations     | |  0.8

Action                   |  1- 3 |  4- 6 |  7- 9 | 10-12 | 13-15 || total
-------------------------+-------+-------+-------+-------+-------++-------
Melee: Mace              |   106 |   171 |       |       |       ||   277
       Morningstar       |       |    25 |   118 |    59 |       ||   202
       Falchion          |       |       |   167 |     4 |    94 ||   265
       Flail             |       |       |       |   747 |       ||   747
       Demon blade       |       |       |       |     4 |  1230 ||  1234
       Headbutt          |       |       |       |       |   202 ||   202
       Scimitar          |       |       |       |       |    16 ||    16
 Fire: Blowgun           |       |    35 |    31 |    16 |       ||    82
Throw: Javelin           |       |       |    14 |     1 |     6 ||    21
       Tomahawk          |       |       |     3 |       |       ||     3
Invok: Berserk           |     2 |     4 |     7 |    13 |    22 ||    48
       Trog's Hand       |       |     2 |     3 |     8 |     9 ||    22
       Burn Spellbooks   |       |       |     2 |       |     1 ||     3
       Brothers in Arms  |       |       |       |     2 |    10 ||    12
 Abil: Fly               |       |       |       |       |     1 ||     1
Evoke: Box of beasts     |       |       |       |     3 |     4 ||     7
       Wand              |       |       |       |     1 |     9 ||    10
  Use: Scroll            |     9 |    10 |     5 |     9 |     9 ||    42
       Potion            |       |     2 |     5 |     6 |     7 ||    20
 Stab: Sleeping          |       |     1 |     5 |    29 |    20 ||    55
       Distracted        |       |       |     1 |     1 |     2 ||     4
       Invisible         |       |       |       |       |     2 ||     2
  Eat: Chunk             |     3 |     7 |     6 |    25 |    23 ||    64
       Beef jerky        |       |     1 |     1 |     2 |       ||     4
       Bread ration      |       |     1 |     3 |     2 |     7 ||    13
       Fruit             |       |       |       |       |     2 ||     2
       Pizza             |       |       |       |       |     1 ||     1
Armor: Animal skin       |    35 |    54 |       |       |       ||    89
       Ring mail         |       |    51 |   203 |   304 |   495 ||  1053
       Skin              |       |       |    37 |       |     3 ||    40
       Scale mail        |       |       |       |       |    90 ||    90
Dodge: Dodged            |    51 |   127 |   189 |   427 |  1386 ||  2180
Block: Buckler           |       |     5 |    57 |   181 |   704 ||   947
       Reflection        |       |       |       |       |     9 ||     9
